 Dungeon Crawl Stone Soup version 0.27.1-33-g824d729ab1 (webtiles) character file.

Game seed: 317766219276946132

139 dianekeaton the Twirler (level 5, 0/42 HPs)
             Began as a Minotaur Gladiator on Dec 8, 2021.
             Slain by a sky beast (3 damage)
             ... on level 2 of the Dungeon.
             The game lasted 00:06:29 (2583 turns).

dianekeaton the Twirler (Minotaur Gladiator)        Turns: 2583, Time: 00:06:30

Health: 0/42       AC:  6    Str: 18    XL:     5   Next: 1%
Magic:  4/4        EV: 11    Int:  5    God:
Gold:   102        SH:  0    Dex: 13    Spells: 4/4 levels left

rFire    . . .     SeeInvis .   a - +0 quarterstaff
rCold    . . .     Faith    .   (shield currently unavailable)
rNeg     . . .     Spirit   .   j - +0 scale mail
rPois    .         Reflect  .   c - +0 hat
rElec    .         Harm     .   (no cloak)
rCorr    .         Rampage  .   (no gloves)
Will     .....                  (no boots)
Stlth    ..........             (no amulet)
HPRegen  0.14/turn              (no ring)
MPRegen  0.09/turn              (no ring)

@: no status effects
A: horns 2, retaliatory headbutt
a: no special abilities


You were on level 2 of the Dungeon.
You visited 1 branch of the dungeon, and saw 4 of its levels.

You collected 102 gold pieces.

Inventory:

Hand Weapons
 a - a +0 quarterstaff (weapon)
Armour
 c - a +0 hat (worn)
 j - a +0 scale mail (worn)
Jewellery
 n - a ring of positive energy
Wands
 b - a wand of acid (9)
Scrolls
 e - a scroll of identify {unknown}
 f - a scroll of immolation {unknown}
 g - a scroll of amnesia {unknown}
 i - 2 scrolls of teleportation {unknown}
 l - a scroll of holy word {unknown}
 m - a scroll of fear {unknown}
 o - a scroll of summoning {unknown}
 p - a scroll of enchant armour {unknown}
Potions
 h - 2 potions of curing {unknown}
 k - 2 potions of heal wounds {unknown}


   Skills:
 - Level 2.4 Fighting
 * Level 5.8 Staves
 - Level 2.0 Throwing
 * Level 2.9 Armour
 + Level 3.6 Dodging


You had 4 spell levels left.
You didn't know any spells.
Your spell library contained the following spells:

 Spells                   Type           Power      Damage    Failure   Level
 Animate Skeleton         Necr           0%         N/A       86%         1
 Pain                     Necr           0%         1d4       86%         1
 Summon Guardian Golem    Hex/Summ       0%         N/A       99%         3
 Vampiric Draining        Necr           0%         2d6       99%         3
 Orb of Destruction       Conj           0%         N/A       100%        7
 Spellforged Servitor     Conj/Summ      0%         N/A       100%        7


Dungeon Overview and Level Annotations

Branches:
Dungeon (4/15)
 Temple: D:4-7

Altars:
Ru
Zin

Shops:
D:1 [   D:3 *

Annotations:
D:3 1 runed translucent door, Powertoast's ghost, amateur MiGl


Innate Abilities, Weirdness & Mutations

You have a pair of horns on your head.
You reflexively headbutt those who attack you in melee.


Message History

Throw: 2 throwing nets
Press: ? - help, Q - select action, (/) - cycle Shift-Dir - straight line, f/p - sky beast
Aim: a sky beast (48% to hit)
You throw a throwing net.
The throwing net barely misses the sky beast.
Throw: throwing net
Press: ? - help, Q - select action, (/) - cycle Shift-Dir - straight line, f/p - sky beast
Aim: a sky beast (48% to hit)
You throw a throwing net.
The throwing net closely misses the sky beast.
The sky beast flickers out of sight!
Deactivating autopickup; reactivate with Ctrl-A.
Something completely misses you.
You miss something. You headbutt something. Something hits you.
Something shocks you.
You closely miss something. Something hits you but does no damage.
You miss something. Something hits you. Something shocks you.
You hit something. Something hits you but does no damage.
You closely miss something. Something barely misses you.
You miss something. Something hits you but does no damage.
You miss something. Something hits you but does no damage.
You barely miss something. Your headbutt misses something. Something hits you.
Something shocks you. Something hits you but does no damage.
There is an open door here.
Something hits you but does no damage. Something hits you.
Something shocks you.
* * * LOW HITPOINT WARNING * * *
There is a stone staircase leading up, spattered with blood here.
Something hits you.
* * * LOW HITPOINT WARNING * * *
Something shocks you.
* * * LOW HITPOINT WARNING * * *
You climb upwards.
Reactivating autopickup.
There is a stone staircase leading down here.
You start resting.
Something hits you but does no damage.
Deactivating autopickup; reactivate with Ctrl-A.
You start resting.
Something hits you.
You die...

#........#
#........############
#................[...
#........#####..#####
#........# ##......
#........# #..P.##
#####.#########....##
#.................
#@.........†......
##.##.....####.###
#.#...8..........
#.#.......###.###
#.#...........#
#.......#########
#..........#.....
######.....†##.#.####
#........<.....#.#


There were no monsters in sight!

Vanquished Creatures
  A centaur skeleton (D:4)
  A hound skeleton (D:2)
  2 adders (D:2)
  An adder zombie (D:2)
  A worm (D:3)
  2 dart slugs (D:1)
  4 orcs
  2 bats
  A bat zombie (D:2)
  6 endoplasms
  A giant cockroach (D:4)
  6 goblins
  9 hobgoblins
  3 kobolds
  3 quokkas
  8 ball pythons
  3 ball python skeletons (D:2)
  2 frilled lizards (D:1)
  A quokka skeleton (D:2)
  A quokka zombie (D:2)
  5 rats
63 creatures vanquished.

Notes
Turn   | Place    | Note
-------+----------+-------------------------------------------
     0 | D:1      | dianekeaton the Minotaur Gladiator began the quest for the
                  | Orb.
     0 | D:1      | Reached XP level 1. HP: 18/18 MP: 0/0
   215 | D:1      | Reached skill level 4 in Staves
   232 | D:1      | Reached XP level 2. HP: 25/25 MP: 1/1
   316 | D:1      | Reached skill level 1 in Armour
   629 | D:1      | Reached XP level 3. HP: 27/30 MP: 2/2
   660 | D:1      | Found a faded altar of an unknown god.
   677 | D:1      | Found Nitof's Antique Armour Boutique.
   984 | D:2      | Reached skill level 5 in Staves
  1161 | D:2      | Reached XP level 4. HP: 31/37 MP: 3/3
  1343 | D:2      | Found a glowing silver altar of Zin.
  1734 | D:3      | Found a runed translucent door.
  1969 | D:3      | Noticed Powertoast's ghost (amateur MiGl)
  2097 | D:3      | Found a sacrificial altar of Ru.
  2111 | D:3      | Found Tushrem's Assorted Antiques.
  2129 | D:3      | Reached XP level 5. HP: 42/42 MP: 4/4
  2556 | D:3      | Noticed a sky beast
  2583 | D:2      | Slain by a sky beast

Illustrated notes

Levels and vault maps discovered:
D:1:      dpeg_arrival_boxes_within_box, layout_basic, serial_shops,
          nicolae_shop_statue_plus, serial_curves, eino_curves_03,
          eino_curves_04, eino_curves_03, dreamdust_ecumenical_altar_grove
D:2:      layout_basic, serial_undead, serial_undead_f, serial_undead_e,
          serial_undead_d, serial_undead_d, basic_altar,
          minmay_misc_feat_enclosed, corexii_shack
D:3:      layout_basic, mainiacjoe_overflow_concentric_impassable, serial_shops,
          shop_fountains, gammafunk_ghost_grave
D:4:      minmay_skewed_foursquare, layout_cave_pools, lemuel_tele_altar,
          ashenzari_conservatory_becter, uniq_blork_the_orc, uniq_robin

Skill      XL: |  1  2  3  4 |
---------------+-------------+-----
Staves         | 4 5 |  5.8
Armour         | 1 2 |  2.9
Fighting       | |  2.4
Throwing       | |  2.0
Dodging        | |  3.6

Action                   |  1- 3 |  4- 6 || total
-------------------------+-------+-------++-------
Melee: Quarterstaff      |    77 |    50 ||   127
       Headbutt          |    12 |     5 ||    17
Throw: Throwing net      |       |     3 ||     3
 Stab: Sleeping          |     1 |       ||     1
Armor: Leather armour    |     5 |       ||     5
       Scale mail        |    19 |    34 ||    53
       Ring mail         |     3 |       ||     3
Dodge: Dodged            |    50 |    31 ||    81
